 Dungeon Crawl Stone Soup version 0.31-a0-744-gbc345e7fcb (webtiles) character file.

Game seed: 13347897391890600318

1472 Babbit the Geomancer (level 8, 0/38 HPs)
             Began as a Gargoyle Earth Elementalist on Sept 13, 2023.
             Was a Believer of Hepliaklqana.
             Slain by Maggie
             ... wielding a +4 glaive of flaming
              (5 damage)
             ... on level 7 of the Dungeon.
             The game lasted 00:38:15 (4754 turns).

Babbit the Geomancer (Gargoyle Earth Elementalist)  Turns: 4754, Time: 00:38:16

Health: 0/38       AC: 14    Str: 12    XL:     8   Next: 78%
Magic:  6/18       EV: 11    Int: 18    God:    Hepliaklqana [**....]
Gold:   340        SH:  0    Dex: 10    Spells: 14/20 levels left

rFire   . . .        w - staff of conjuration
rCold   . . .        (no shield)
rNeg    + + .        q - +2 leather armour {Will+}
rPois   ∞            (no helmet)
rElec   +            (no cloak)
rCorr   .            (no gloves)
SInv    .            (no boots)
Will    +....        f - amulet of the acrobat
Stlth   ++           d - +4 ring of protection
HPRegen 0.26/turn    b - ring of positive energy
MPRegen 0.16/turn

%: acrobat
@: weakened
A: reduced essence, sickness immunity, AC +5, negative energy resistance 1,
electricity resistance, torment resistance 1, petrification resistance
a: Renounce Religion, Ancestor Life: Knight, Ancestor Life: Battlemage, Ancestor
Life: Hexer, Recall Ancestor, Ancestor Identity


You were on level 7 of the Dungeon.
You worshipped Hepliaklqana.
Hepliaklqana was pleased with you.
You visited 1 branch of the dungeon, and saw 7 of its levels.

You collected 340 gold pieces.

Inventory:

Hand Weapons
 l - a +0 sling of draining
 x - a +1 hand axe of flaming
Armour
 q - a +2 leather armour of willpower (worn)
 s - a +0 leather armour of positive energy
Magical Staves
 w - a staff of conjuration (weapon)
Jewellery
 a - a +6 ring of dexterity
 b - a ring of positive energy (right hand)
 d - a +4 ring of protection (left hand)
 f - an amulet of the acrobat (around neck)
Scrolls
 g - a scroll of enchant weapon {unknown}
 i - a scroll of fear {unknown}
 j - 3 scrolls of blinking
 m - 2 scrolls of enchant armour
 n - a scroll of butterflies
 o - a scroll of teleportation {unknown}
 r - a scroll of revelation {unknown}
 u - a scroll of poison {unknown}
Potions
 c - 4 potions of curing
 e - 2 potions of heal wounds
 h - a potion of brilliance
 k - 3 potions of invisibility
 p - 2 potions of lignification


   Skills:
 + Level 1.0 Fighting
 + Level 2.2 Ranged Weapons
 + Level 1.8 Armour
 + Level 2.1 Dodging
 + Level 2.6 Stealth
 + Level 6.7 Spellcasting
 + Level 0.7 Transmutations
 + Level 8.9 Earth Magic


You had 14 spell levels left.
You knew the following spells:

 Your Spells              Type           Power      Damage    Failure   Level
a - Sandblast             Erth           76%        2d16      1%          1
b - Passwall              Tmut/Erth      19%        N/A       3%          2
c - Stone Arrow           Conj/Erth      66%        3d11      7%          3

Your spell library contained the following spells:

 Spells                   Type           Power      Damage    Failure   Level
 Apportation              Tloc           12%        N/A       14%         1
 Necrotise                Necr           24%        1d5       14%         1
 Summon Small Mammal      Summ           24%        N/A       14%         1
 Petrify                  Tmut/Erth      23%        N/A       21%         4


Dungeon Overview and Level Annotations

Branches:
Dungeon (7/15)             Temple (0/1) D:6

Altars:
Ashenzari
Hepliaklqana
Qazlal

Annotations:
D:7 Maggie


Innate Abilities, Weirdness & Mutations

Your life essence is reduced to manifest your ancestor. (-10% HP)
You are immune to sickness and miasma.
Your stone body is resilient. (AC +5)
You are immune to poison.
You resist negative energy. (rN+)
You are resistant to electric shocks. (rElec)
You are resistant to unholy torment.
You are immune to petrification.


Message History

Aiming: Stone Arrow (dangerous; 7% risk of failure)
Press: ? - help, Q - select action, (/) - cycle Shift-Dir - straight line, f - Maggie
Aim: Maggie, wielding a +4 glaive of flaming and wearing +0 steam dragon scales (lightly wounded, 74% to hit)
You feel a surge of power!
The stone arrow hits Maggie!
Maggie is heavily wounded.
Maggie misses you.
The gnoll bouda calls upon its god to heal the gnoll.
The gnoll's wounds heal themselves!
Aiming: Stone Arrow (dangerous; 7% risk of failure)
Press: ? - help, Q - select action, (/) - cycle Shift-Dir - straight line, f/p - Maggie
Aim: Maggie, wielding a +4 glaive of flaming and wearing +0 steam dragon scales (heavily wounded, 74% to hit)
You feel a surge of power!
The stone arrow hits Maggie!
Maggie is severely wounded.
Maggie hits you from afar with a +4 glaive of flaming!
Maggie burns you.
Aiming: Stone Arrow (dangerous; 7% risk of failure)
Press: ? - help, Q - select action, (/) - cycle Shift-Dir - straight line, f/p - Maggie
Aim: Maggie, wielding a +4 glaive of flaming and wearing +0 steam dragon scales (severely wounded, 74% to hit)
You feel a surge of power!
The stone arrow misses Maggie.
The stone arrow hits the gnoll!
You kill the gnoll!
Maggie casts a spell.
Maggie attempts to bespell you!
You easily resist.
Aiming: Stone Arrow (dangerous; 7% risk of failure)
Press: ? - help, Q - select action, (/) - cycle Shift-Dir - straight line, f/p - Maggie
Aim: Maggie, wielding a +4 glaive of flaming and wearing +0 steam dragon scales (severely wounded, 74% to hit)
You feel a surge of power!
The stone arrow hits Maggie!
Maggie is almost dead.
The gnoll bouda gazes fiercely through you!
You feel your attacks grow feeble.
Maggie points at you and mumbles some strange words.
The bolt of fire hits you!
Aiming: Stone Arrow (dangerous; 7% risk of failure)
Press: ? - help, Q - select action, (/) - cycle Shift-Dir - straight line, f/p - Maggie
Aim: Maggie, wielding a +4 glaive of flaming and wearing +0 steam dragon scales (almost dead, 74% to hit)
Okay, then.
Maggie hits you from afar with a +4 glaive of flaming!
* * * LOW HITPOINT WARNING * * *
Maggie burns you.
You die...

..###
...##
.....
...
.g.
#g#
#@#
#.#
#@#
#)#
..#
##.#
#>.
#.#
..#
###


You could see Maggie, a gnoll bouda and a gnoll (swift).

Vanquished Creatures
  A black bear (D:6)
  2 phantoms
  2 scorpions
  7 wights (D:6)
  5 killer bees (D:5)
  2 hounds (D:6)
  2 orc priests (D:5)
  A sleepcap (D:6)
  A gnoll bouda (D:5)
  An iguana (D:5)
  9 adders
  10 gnolls
  An ufetubus (D:5)
  2 worms
  2 dart slugs
  18 orcs
  7 endoplasms
  3 giant cockroaches
  6 goblins
  4 hobgoblins
  5 quokkas
  5 ball pythons
  5 bats
  4 frilled lizards
  4 kobolds
  7 rats
116 creatures vanquished.

Vanquished Creatures (collateral kills)
  A jelly (D:5)
  A sleepcap (D:6)
  2 adders
  An orc (D:5)
5 creatures vanquished.

Vanquished Creatures (others)
  4 ancestors
4 creatures vanquished.

Grand Total: 125 creatures vanquished

Notes
Turn   | Place    | Note
-------+----------+-------------------------------------------
     0 | D:1      | Babbit the Gargoyle Earth Elementalist began the quest for
                  | the Orb.
     0 | D:1      | Reached XP level 1. HP: 10/10 MP: 3/3
   290 | D:1      | Reached XP level 2. HP: 15/15 MP: 1/5
   891 | D:1      | Reached skill level 4 in Earth Magic
  1148 | D:2      | Reached XP level 3. HP: 19/19 MP: 5/7
  1194 | D:2      | Found a broken altar of Ashenzari.
  1414 | D:2      | Found a faded altar of an unknown god.
  1537 | D:2      | Reached XP level 4. HP: 21/24 MP: 5/9
  1592 | D:2      | You fall into a shaft and drop 2 floors!
  1647 | D:3      | Found a hazy altar of Hepliaklqana.
  1695 | D:3      | Became a worshipper of Hepliaklqana the Forgotten
  1857 | D:3      | Learned a level 2 spell: Passwall
  2037 | D:3      | Reached XP level 5. HP: 28/28 MP: 6/10
  2100 | D:3      | Reached skill level 5 in Earth Magic
  2377 | D:4      | Reached skill level 1 in Ranged Weapons
  2743 | D:4      | Reached * piety under Hepliaklqana
  2928 | D:5      | Entered Level 5 of the Dungeon
  3008 | D:5      | Reached XP level 6. HP: 11/28 MP: 2/12
  3205 | D:5      | Reached skill level 6 in Earth Magic
  3214 | D:5      | Reached XP level 7. HP: 26/33 MP: 0/14
  3217 | D:5      | Reached skill level 1 in Armour
  3217 | D:5      | Reached skill level 5 in Spellcasting
  3302 | D:5      | Found a stormy altar of Qazlal.
  3561 | D:5      | Reached skill level 7 in Earth Magic
  3809 | D:6      | Reached XP level 8. HP: 34/37 MP: 11/16
  3985 | D:6      | Found a staircase to the Ecumenical Temple.
  4060 | D:6      | Reached skill level 8 in Earth Magic
  4102 | D:6      | Found a broken altar of Ashenzari.
  4205 | D:6      | Reached skill level 1 in Fighting
  4210 | D:6      | Learned a level 3 spell: Stone Arrow
  4388 | D:6      | Reached ** piety under Hepliaklqana
  4721 | D:7      | Noticed Maggie
  4754 | D:7      | Slain by Maggie

Illustrated notes

Levels and vault maps discovered:
D:1:      minmay_arrival_doors, layout_loops_ring, grunt_decor_one_mirror,
          minmay_nonomino_d4
D:2:      layout_rooms, chequers_ecumenical_altar_island, basic_altar
D:3:      layout_basic, mainiacjoe_overflow_small_starburst
D:4:      layout_rooms, minmay_misc_feat_secret_circle
D:5:      layout_basic, lemuel_doored_altar, serial_curves, eino_curves_03,
          eino_curves_03, serial_park_tiny_2
D:6:      layout_loops_cross, nicolae_ashenzari_panopticon,
          minmay_temple_entry_waves, nrook_mini_vaults
D:7:      layout_loops_ring, mainiacjoe_overflow_brackets, kennysheep_mini,
          uniq_maggie, uniq_crazy_yiuf_cottage

Skill      XL: |  1  2  3  4  5  6  7  8 |
---------------+-------------------------+-----
Earth Magic    | 4 5 6 7 8 |  8.9
Spellcasting   | 3 4 5 6 |  6.7
Ranged Weapons | 1 2 |  2.2
Armour         | 1 |  1.8
Dodging        | 2 |  2.1
Fighting       | 1 |  1.0
Stealth        | |  2.6
Transmutations | |  0.7

Action                     |  1- 3 |  4- 6 |  7- 9 || total
---------------------------+-------+-------+-------++-------
  Melee: Staff             |       |       |     3 ||     3
   Fire: Sling             |     9 |    16 |     4 ||    29
   Cast: Sandblast         |    51 |    68 |    61 ||   180
         Stone Arrow       |       |       |     5 ||     5
    Use: Scroll            |     4 |     6 |     3 ||    13
         Potion            |       |       |     2 ||     2
 Armour: Robe              |     5 |     8 |       ||    13
         Leather armour    |       |    14 |    30 ||    44
  Dodge: Dodged            |     4 |    26 |    35 ||    65

Table legend: (Time is in decaauts)
 A = Elapsed time spent in this place.
 B = Non-inter-level travel time spent in this place.
 C = Inter-level travel time spent in this place.
 D = Time resting spent in this place.
 E = Time spent auto-exploring this place.
 F = Levels seen in this place.
 G = Mean time per level.
                   A        B        C        D        E       F      G
               +--------+--------+--------+--------+--------+-----+--------+
         Total |   4853 |   4738 |    115 |    693 |   3140 |   7 |  693.3 |
       Dungeon |   4853 |   4738 |    115 |    693 |   3140 |   7 |  693.3 |
               +--------+--------+--------+--------+--------+-----+--------+

Top non-repeatable levels by time:
     D:1: 1159 daAuts
     D:6: 1008 daAuts
     D:5: 848 daAuts
     D:3: 752 daAuts
     D:4: 607 daAuts
     D:2: 461 daAuts
     D:7: 15 daAuts
